AoeStats
← TLD Dalkiel

Arabia

509827692Analyzed
2v2 RM · 5d ago on Sep 28, 2026· 18m 30s· 4 players
Game mode
Random Map
Map size
Medium (4 player)
Population
200
Speed
Normal
Resources
Standard
Victory
Conquest
Starting age
Dark Age
Ending age
Imperial Age
RankedLock teamsTeams togetherTeam positionsShared explorationLock speedFull tech treeHidden civsTurbo modeCheats
Victory
Defeat
🇲🇽 Danes · Mexico
1103
+12
🇲🇽 Mongols · Mexico
947
+18
🇲🇽 Spanish · Mexico
1000
-45
🇧🇷 Britons · Brazil
1000
-45
lioninktattoo
LAchAngA0909
El viejo7335
2:28 Loom
10:21 Feudal Age
14:12 Horse Collar
TLD Dalkiel
8:45 Loom
11:25 Feudal Age
12:35 Horse Collar
12:58 Man-at-Arms
14:31 Forging
14:21 Scale Mail Armor
16:28 Arson
18:55 Double-Bit Axe
Connection lost

Rejoining the realm…

Still unreachable

The connection could not be restored.

Session expired

The server has moved on; the page needs a fresh start.